 Dungeon Crawl Stone Soup version 0.29.1-12-g30fa7ad0bf (webtiles) character file.

Game seed: 17020342502030805674

280 wormed the Slasher (level 6, -1/47 HPs)
             Began as a Demonspawn Gladiator on Dec 28, 2022.
             Killed by divine providence
             ... invoked by an orc priest
              (11 damage)
             ... on level 4 of the Dungeon.
             The game lasted 00:04:20 (3120 turns).

wormed the Slasher (Demonspawn Gladiator)           Turns: 3120, Time: 00:04:20

Health: -1/47      AC:  4    Str: 15    XL:     6   Next: 5%
Magic:  6/6        EV: 11    Int:  9    God:
Gold:   182        SH: 12    Dex: 16    Spells: 5/5 levels left

rFire   . . .      SeeInvis .   a - +0 long sword
rCold   . . .      Faith    .   n - +0 kite shield
rNeg    . . .      Spirit   .   b - +0 leather armour
rPois   .          Reflect  .   c - +0 helmet
rElec   .          Harm     .   (no cloak)
rCorr   .          Rampage  .   (no gloves)
Will    .....                   (no boots)
Stlth   +.........              (no amulet)
HPRegen 0.15/turn               (no ring)
MPRegen 0.10/turn               (no ring)

@: no status effects
A: hooves 1, large bone plates 1
a: no special abilities


You were on level 4 of the Dungeon.
You visited 1 branch of the dungeon, and saw 4 of its levels.

You collected 182 gold pieces.

Inventory:

Hand Weapons
 a - a +0 long sword (weapon)
Missiles
 d - 3 throwing nets
 e - a javelin
 i - 4 curare-tipped darts (quivered)
Armour
 b - a +0 leather armour (worn)
 c - a +0 helmet (worn)
 n - a +0 kite shield (worn)
Jewellery
 x - an amulet of regeneration
Wands
 u - a wand of light (6)
Scrolls
 f - 3 scrolls of teleportation {unknown}
 g - 2 scrolls of fog {unknown}
 h - a scroll of summoning {unknown}
 j - a scroll of immolation {unknown}
 s - 2 scrolls of identify {unknown}
 t - a scroll of vulnerability {unknown}
 v - a scroll of magic mapping {unknown}
Potions
 l - a potion of lignification {unknown}
 m - 2 potions of attraction {unknown}
 o - 2 potions of haste {unknown}
 p - a potion of mutation {unknown}
 q - a potion of brilliance {unknown}
 r - a potion of invisibility {unknown}
 w - a potion of heal wounds {unknown}


   Skills:
 + Level 3.5 Fighting
 * Level 4.8 Long Blades
 - Level 2.0 Throwing
 - Level 3.0 Dodging
 + Level 1.9 Shields


You had 5 spell levels left.
You didn't know any spells.
Your spell library contained the following spells:

 Spells                   Type           Power      Damage    Failure   Level
 Freeze                   Ice            0%         1d3       86%         1
 Sandblast                Erth           0%         2d4       86%         1
 Passwall                 Tmut/Erth      0%         N/A       94%         2
 Frozen Ramparts          Ice            0%         1d1       99%         3
 Stone Arrow              Conj/Erth      0%         3d7       99%         3
 Hailstorm                Conj/Ice       0%         3d3       100%        4
 Iskenderun's Battlesphe  Conj           0%         2d6       100%        5
 Iron Shot                Conj/Erth      0%         9d1       100%        6
 Spellforged Servitor     Conj/Summ      0%         N/A       100%        7


Dungeon Overview and Level Annotations

Branches:
Dungeon (4/15)
 Temple: D:4-7

Altars:

Annotations:
D:3 Grinder


Innate Abilities, Weirdness & Mutations

You have large cloven feet.
You are partially covered in large bone plates. (SH +4)


Message History

The orc barely misses you.
You hit the orc.
You kill the orc!
The orc priest looks satisfied for a moment.
You barely miss the orc.
The orc priest miscasts a cantrip.
An orc comes into view. It is wielding a +0 club.
The orc hits you with a +0 short sword.
The orc shouts!
You slash the orc!
You kill the orc!
The orc priest mumbles some strange prayers to Beogh against you.
Beogh smites you!
* * * LOW HITPOINT WARNING * * *
You closely miss the orc wizard. You block the orc wizard's attack.
The orc wizard gestures at you while chanting.
The puff of flame hits you!
* * * LOW HITPOINT WARNING * * *
You slash the orc wizard! You kick the orc wizard.
You kill the orc wizard!
You have reached level 6!
You feel better. You block the orc priest's attack.
You feel better. The orc priest hits you with a +0 whip.
You hit the orc priest. Your kick misses the orc priest.
The orc priest is lightly wounded.
The orc hits you but does no damage. The orc priest barely misses you.
You hit the orc priest.
You kick the orc priest, but do no damage.
The orc priest is moderately wounded.
The orc hits you with a +0 club.
* * * LOW HITPOINT WARNING * * *
You block the orc priest's attack. The orc hits you but does no damage.
The orc priest hits you with a +0 whip.
* * * LOW HITPOINT WARNING * * *
You barely miss the orc. You kick the orc.
The orc is lightly wounded.
You block the orc's attack.
The orc priest mumbles some strange prayers to Beogh against you.
Beogh smites you!
You die...

### #.. . #.#
.. ####.# ...
##....## ....#.
#...######
..'.###.......#
#.o#...#####.
#o@..## ##.####
#....## #.##..#
####''#
♣♣♣..♣♣♣
♣♣......♣♣
♣♣........♣♣
♣..........♣♣


You could see an orc priest and an orc.

Vanquished Creatures
  2 scorpions
  Jessica (D:3)
  Natasha (D:3)
  An orc wizard (D:4)
  A gnoll (D:1)
  3 dart slugs
  3 orcs
  3 ball pythons (D:1)
  5 bats (D:1)
  12 endoplasms
  3 giant cockroaches
  7 goblins
  6 hobgoblins
  3 quokkas (D:1)
  5 frilled lizards
  3 kobolds
  3 rats
62 creatures vanquished.

Notes
Turn   | Place    | Note
-------+----------+-------------------------------------------
     0 | D:1      | wormed the Demonspawn Gladiator began the quest for the
                  | Orb.
     0 | D:1      | Reached XP level 1. HP: 16/16 MP: 1/1
   374 | D:1      | Gained mutation: You have large cloven feet. [demonic
                  | ancestry]
   374 | D:1      | Reached XP level 2. HP: 17/22 MP: 2/2
   500 | D:1      | Reached skill level 3 in Long Blades
   829 | D:1      | Reached XP level 3. HP: 19/28 MP: 3/3
  1577 | D:1      | Found a faded altar of an unknown god.
  1657 | D:2      | Noticed a scorpion
  1783 | D:2      | Gained mutation: You are partially covered in large bone
                  | plates. (SH +4) [demonic ancestry]
  1783 | D:2      | Reached XP level 4. HP: 15/34 MP: 4/4
  2083 | D:2      | Killed a scorpion
  2084 | D:2      | Reached skill level 4 in Long Blades
  2084 | D:2      | Reached skill level 1 in Shields
  2424 | D:3      | Noticed Natasha
  2425 | D:3      | Reached XP level 5. HP: 41/41 MP: 5/5
  2441 | D:3      | Killed Natasha
  2581 | D:3      | Noticed Jessica
  2590 | D:3      | HP: 2/41 [Jessica/bolt of light (11)]
  2594 | D:3      | Killed Jessica
  2757 | D:3      | Noticed Grinder
  3116 | D:4      | Reached XP level 6. HP: 4/47 MP: 6/6
  3120 | D:4      | Killed from afar by an orc priest

Illustrated notes

Levels and vault maps discovered:
D:1:      lightli_iron_boxes, layout_basic,
          shapermc_ecumenical_altar_totnotflames, minmay_heptomino_h4
D:2:      layout_rooms, basic_altar, nrook_mini_backslash
D:3:      layout_loops_ring, amcnicky_altar_gilded, uniq_grinder, uniq_natasha,
          uniq_sigmund, uniq_jessica
D:4:      layout_loops_corners, nicolae_dithmenos_through_a_glass_darkly,
          kennysheep_big_empty_room

Skill      XL: |  1  2  3  4 |
---------------+-------------+-----
Long Blades    | 3 4 |  4.8
Throwing       | 2 |  2.0
Dodging        | 3 |  3.0
Fighting       | 3 |  3.5
Shields        | 1 |  1.9

Action                   |  1- 3 |  4- 6 || total
-------------------------+-------+-------++-------
Melee: Long sword        |   111 |    51 ||   162
       Kick              |    15 |    14 ||    29
Throw: Dart              |       |     2 ||     2
  Use: Potion            |       |     4 ||     4
 Stab: Sleeping          |     1 |     1 ||     2
Armor: Leather armour    |    45 |     8 ||    53
Dodge: Dodged            |    66 |    16 ||    82
Block: Kite shield       |    22 |    34 ||    56
